 Dungeon Crawl Stone Soup version 0.25.1-2-g60ff931df9 (webtiles) character file.

Game seed: 12517649475405941367

16 Descartes the Sneak (level 2, 0/14 HPs)
             Began as a Felid Wanderer on July 29, 2020.
             Slain by a jackal (2 damage)
             ... on level 2 of the Dungeon.
             The game lasted 00:01:39 (691 turns).

Descartes the Sneak (Felid Wanderer)                 Turns: 691, Time: 00:01:40

Health: 0/14       AC:  1    Str:  8    XL:     2   Next: 41%
Magic:  3/3        EV: 18    Int: 11    God:
Gold:   0          SH:  0    Dex: 17    Spells: 1/1 levels left
                                        Lives:  0   Deaths: 0

rFire    . . .     SeeInvis +     - Unarmed
rCold    . . .     Gourm    .   (shield unavailable)
rNeg     . . .     Faith    .   (armour unavailable)
rPois    .         Spirit   .   (helmet unavailable)
rElec    .         Reflect  .   (cloak unavailable)
rCorr    .         Harm     .   (gloves unavailable)
MR       .....                  (boots unavailable)
Stlth    +++.......             (no amulet)
HPRegen  0.04/turn              (no ring)
MPRegen  0.08/turn              (no ring)

@: quick
A: very small, no armour, no weapons or thrown items, stealth, claws 1, fangs 3,
see invisible, carnivore, speed 1, shaggy fur 1, slow metabolism 1, sharp paws
a: no special abilities


You were on level 2 of the Dungeon.
You were completely stuffed.

You visited 1 branch of the dungeon, and saw 2 of its levels.

Inventory:

Missiles
 g - 18 stones
 h - 29 arrows
Scrolls
 b - a scroll of blinking
 e - a scroll of teleportation {unknown}
 i - a scroll of identify {unknown}
Potions
 a - 2 potions of heal wounds
 c - 2 potions of curing
Comestibles
 d - 5 rations
 f - 3 chunks of flesh


   Skills:
 - Level 3.0 Fighting
 + Level 3.1 Dodging
 * Level 4.7 Stealth
 + Level 1.4 Unarmed Combat
   Level 1.1 Evocations


You had one spell level left.
You didn't know any spells.
Your spell library was empty.

Dungeon Overview and Level Annotations

Branches:
Dungeon (2/15)

Altars:


Innate Abilities, Weirdness & Mutations

You cannot wear armour.
You are incapable of wielding weapons or throwing items.
Your paws allow you to move quietly. (Stealth)
You have sharp claws.
You have razor-sharp teeth.
You have supernaturally acute eyesight. (SInv)
You are carnivorous and can eat meat at any time.
You cover ground quickly.
You are covered in fur. (AC +1)
You have a slow metabolism.
Your sharp claws are effective at attacking unaware monsters.


Message History

The jackal completely misses you.
You scratch the jackal but do no damage.
The jackal is severely wounded.
The jackal misses you.
You completely miss the jackal.
The jackal is severely wounded.
The jackal barely misses you. The jackal bites you.
* * * LOW HITPOINT WARNING * * *
You barely miss the jackal. Your bite misses the jackal.
The jackal is severely wounded.
The jackal misses you.
You closely miss the jackal.
The jackal is severely wounded.
The jackal bites you but does no damage.
You barely miss the jackal.
The jackal is severely wounded.
The jackal closely misses you.
The orc wizard begins to cast a cantrip, but forgets the words!
The jackal bites you.
You die...

### ..# #.# #.#
### #@# .... #h#
....o ##o# #
......##hh#.#
........h##.###.
.......#oo......
..$....#..#####.
.#.....#..#...#..
#.#####..#b.S...


You could see an orc wizard, an orc and 4 jackals.

Vanquished Creatures
  A bat (D:1)
  2 giant cockroaches (D:1)
  4 hobgoblins (D:1)
  3 frilled lizards (D:1)
  A goblin (D:1)
  2 kobolds (D:1)
  3 rats (D:1)
16 creatures vanquished.

Notes
Turn   | Place    | Note
-------+----------+-------------------------------------------
     0 | D:1      | Descartes the Felid Wanderer began the quest for the Orb.
     0 | D:1      | Descartes set off with the following items: a potion of
                  | heal wounds, a scroll of blinking, 2 potions of curing, a
                  | ration
     0 | D:1      | Reached XP level 1. HP: 10/10 MP: 2/2
   263 | D:1      | Reached XP level 2. HP: 14/14 MP: 3/3
   691 | D:2      | Slain by a jackal

Illustrated notes

Levels and vault maps discovered:
D:1:      roderic_crop_circles_arrival_small, layout_basic, hangedman_decor_push
D:2:      layout_basic, nemelex_lonely_heart_becter

Skill      XL: |  1 |
---------------+----+-----
Dodging        | 3 |  3.1
Fighting       | |  3.0
Stealth        | |  4.7
Unarmed Combat | |  1.4
Evocations     | |  1.1

Action                   || total
-------------------------++-------
Melee: Unarmed           ||    47
       Bite              ||     2
 Stab: Sleeping          ||     5
  Eat: Chunk             ||     7
Armor: Skin              ||     4
Dodge: Dodged            ||    36
